 Dungeon Crawl Stone Soup version 0.29.0-4-gdea44cf6ec (webtiles) character file.

Game seed: 10899096250991120028

72 sanka the Insei (level 4, -1/26 HPs)
             Began as a Tengu Warper on Aug 27, 2022.
             Slain by an orc
             ... wielding a +0 whip
              (5 damage)
             ... on level 2 of the Dungeon.
             The game lasted 00:02:37 (2560 turns).

sanka the Insei (Tengu Warper)                      Turns: 2560, Time: 00:02:37

Health: -1/26      AC:  3    Str: 12    XL:     4   Next: 26%
Magic:  8/8        EV: 12    Int: 15    God:
Gold:   148        SH:  0    Dex: 13    Spells: 7/7 levels left

rFire   . . .      SeeInvis .     - Unarmed
rCold   . . .      Faith    .   (no shield)
rNeg    . . .      Spirit   .   a - +0 leather armour
rPois   .          Reflect  .   (helmet restricted)
rElec   .          Harm     .   (no cloak)
rCorr   .          Rampage  .   (no gloves)
Will    .....                   (boots unavailable)
Stlth   +.........              (no amulet)
HPRegen 0.08/turn               (no ring)
MPRegen 0.11/turn               g - ring of flight

@: flying
A: beak, talons 3
a: no special abilities


You were on level 2 of the Dungeon.
You visited 1 branch of the dungeon, and saw 3 of its levels.

You collected 148 gold pieces.


Innate Abilities, Weirdness & Mutations

You have a beak for a mouth.
You have claws for feet.


   Skills:
 - Level 2.0 Fighting
 - Level 1.0 Throwing
 - Level 1.1 Armour
 - Level 2.1 Dodging
 + Level 4.8 Unarmed Combat
 - Level 2.0 Spellcasting
 - Level 2.4 Translocations


You had 7 spell levels left.
You didn't know any spells.
Your spell library contained the following spells:

 Spells                   Type           Power      Damage    Failure   Level
 Blink                    Tloc           16%        N/A       16%         2
 Foxfire                  Conj/Fire      4%         2x1d4     28%         1
 Gell's Gravitas          Tloc           8%         N/A       32%         3
 Lesser Beckoning         Tloc           8%         N/A       32%         3
 Teleport Other           Tloc           8%         N/A       32%         3
 Conjure Flame            Conj/Fire      1%         6-21      63%         3
 Inner Flame              Hex/Fire       1%         N/A       63%         3
 Flame Wave               Conj/Fire      1%         2d4       95%         4
 Manifold Assault         Tloc           8%         N/A       96%         5

Inventory:

Missiles
 c - 7 boomerangs of dispersal (quivered) {=f}
Armour
 a - a +0 leather armour (worn)
Jewellery
 g - a ring of flight (right hand)
Scrolls
 b - a scroll of blinking
 e - 2 scrolls of teleportation {unknown}
 h - 2 scrolls of magic mapping {unknown}
 i - a scroll of fog {unknown}
 j - a scroll of enchant armour {unknown}
 k - 2 scrolls of identify {unknown}
 m - a scroll of vulnerability {unknown}
Potions
 d - 5 potions of curing {@q1}
 f - 2 potions of attraction {unknown}
 l - 2 potions of degeneration {unknown}
 n - a potion of mutation {unknown}

Dungeon Overview and Level Annotations

Branches:
Dungeon (3/15)

Altars:

Annotations:
D:2 Terence

▒....▒▒.▒▒▒▒▒▒▒.▒
▒....'..▒ ▒.▒
▒....▒▒▒▒ ▒.▒ ▒....▒
▒.▒ ▒....▒ ▒.▒ ▒▒'▒▒▒
▒.▒
▒.▒▒▒▒▒▒▒▒▒▒▒▒.▒▒▒▒
▒▒▒.▒.......▒.......▒
..▒.▒.▒▒▒▒▒.▒.▒▒Q▒▒.▒▒
▒.▒.▒.▒<.▒.....▒o....▒
............@.)>.....▒
▒.▒.▒.▒.....▒....▒▒▒.▒
▒.▒.▒.▒▒▒▒▒.▒........▒
..▒.........▒....▒▒▒▒▒
▒▒▒▒▒.▒▒▒▒▒▒▒......▒
▒▒ ▒......@▒...▒▒.▒
.▒▒▒▒▒▒▒▒▒▒.▒......▒


You could see an orc.


Message History

The orc hits you with a +0 club.
You hit the orc. Your kick misses the orc. You peck the orc.
You kill the orc!
No target in view!
No target in view!
You start resting.
Terence is nearby!
You fly downwards.
The orc shouts!
The orc hits you with a +0 whip. The orc misses you.
The orc priest calls down the wrath of Beogh upon you.
Beogh smites you!
* * * LOW HITPOINT WARNING * * *
There is a stone staircase leading up here.
The orc hits you but does no damage.
You fly upwards.
Level annotation: Terence
There is a stone staircase leading down here.
Unknown command.
The orc attacks as you move away! The orc hits you with a +0 whip.
* * * LOW HITPOINT WARNING * * *
You hit the orc. Your peck misses the orc.
The orc is severely wounded.
The orc hits you with a +0 whip.
You die...

Action                   |  1- 3 |  4- 6 || total
-------------------------+-------+-------++-------
Melee: Unarmed           |   109 |    26 ||   135
       Peck              |    12 |     5 ||    17
       Kick              |    18 |     4 ||    22
       Punch             |     2 |     3 ||     5
Armor: Leather armour    |    30 |     3 ||    33
Dodge: Dodged            |    56 |    12 ||    68

Levels and vault maps discovered:
D:1:      scummos_arrival_simple_fountains, layout_basic,
          hellmonk_ecumenical_altar_arch_garden, minmay_misc_feat_room,
          chequers_jeans
D:2:      layout_basic, uniq_terence, uniq_robin
D:3:      cheibrodos_helix_gallery, layout_rooms, grunt_dithmenos_smoke,
          uniq_sigmund

Notes
Turn   | Place    | Note
-------+----------+-------------------------------------------
     0 | D:1      | sanka the Tengu Warper began the quest for the Orb.
     0 | D:1      | Reached XP level 1. HP: 12/12 MP: 4/4
   176 | D:1      | Reached skill level 3 in Unarmed Combat
   176 | D:1      | Reached XP level 2. HP: 15/17 MP: 6/6
   777 | D:1      | Found a faded altar of an unknown god.
  1089 | D:1      | Reached XP level 3. HP: 21/21 MP: 7/7
  1532 | D:1      | Reached skill level 4 in Unarmed Combat
  1715 | D:2      | Noticed Robin
  1831 | D:2      | Killed Robin
  1943 | D:2      | Reached XP level 4. HP: 25/26 MP: 8/8
  2325 | D:2      | Noticed Terence
  2560 | D:2      | Slain by an orc

Vanquished Creatures
  Robin (D:2)
  A worm (D:2)
  A dart slug (D:2)
  An orc (D:2)
  2 endoplasms (D:1)
  2 giant cockroaches (D:1)
  13 goblins
  9 hobgoblins
  2 jackals (D:1)
  2 quokkas (D:1)
  2 ball pythons (D:1)
  2 bats (D:1)
  3 frilled lizards
  6 kobolds
  3 rats
50 creatures vanquished.
